 Dungeon Crawl Stone Soup version 0.21.1-1-g345015f (webtiles) character file.

130 inc the Conjurer (level 4, 19/19 HPs)
             Began as a Felid Conjurer on Feb 21, 2018.
             Quit the game on level 3 of the Dungeon.
             The game lasted 00:07:08 (3987 turns).

inc the Conjurer (Felid Conjurer)                   Turns: 3987, Time: 00:07:08

Health: 19/19      AC:  1    Str:  4    XL:     4   Next: 90%
Magic:  9/9        EV: 19    Int: 18    God:
Gold:   175        SH:  0    Dex: 16    Spells: 6/9 levels left
                                        Lives:  0   Deaths: 1

rFire    + . .     SeeInvis +   (weapon unavailable)
rCold    x . .     Gourm    .   (shield unavailable)
rNeg     . . .     Faith    .   (armour unavailable)
rPois    .         Spirit   .   (helmet unavailable)
rElec    .         Reflect  .   (cloak unavailable)
rCorr    .         Harm     +   (gloves unavailable)
MR       .....                  (boots unavailable)
Stlth    +++.......             q - amulet of harm
HPRegen  0.06/turn              h - ring of fire (curse)
MPRegen  0.11/turn              (no ring)

@: quick
A: very small, no armour, no weapons or thrown items, stealth, claws 1, fangs 3,
see invisible, carnivore, speed 1, shaggy fur 1, slow metabolism 1, sharp paws
a: no special abilities


You were on level 3 of the Dungeon.
You were not hungry.

You visited 1 branch of the dungeon, and saw 3 of its levels.

You collected 175 gold pieces.

Inventory:

Jewellery
 h - a cursed ring of fire (left paw)
 q - an amulet of harm (around neck)
Scrolls
 e - 4 scrolls of identify {unknown}
 g - a scroll of remove curse {unknown}
 k - 3 scrolls of fear {unknown}
 l - a scroll of enchant armour {unknown}
 m - a scroll of amnesia {unknown}
 p - a scroll of teleportation {unknown}
Potions
 c - 2 potions of haste {unknown}
 d - a potion of brilliance {unknown}
 f - a potion of degeneration {unknown}
 i - 2 potions of berserk rage {unknown}
 j - 2 potions of mutation {unknown}
 n - a potion of resistance {unknown}
 o - a potion of cancellation {unknown}
Books
 a - a book of Conjurations

   Spells                             Type                      Level
   a - Magic Dart                     Conjuration                  1
   b - Searing Ray                    Conjuration                  2
   c - Dazzling Spray                 Conjuration/Hexes            3
   d - Fulminant Prism                Conjuration/Hexes            4
   e - Force Lance                    Conjuration/Translocation    4
   f - Iskenderun's Mystic Blast      Conjuration                  4
Comestibles
 b - 6 rations


   Skills:
 + Level 1.3 Fighting
 + Level 3.5 Dodging
 - Level 2.7 Stealth
 - Level 3.1 Spellcasting
 - Level 5.6 Conjurations


You had 6 spell levels left.
You knew the following spells:

 Your Spells              Type           Power        Failure   Level  Hunger
a - Magic Dart            Conj           ###.         1%          1    None
b - Searing Ray           Conj           ###...       2%          2    ##.....


Dungeon Overview and Level Annotations

Branches:
Dungeon (3/15)

Altars:
Okawaru


Innate Abilities, Weirdness & Mutations

You cannot wear armour.
You are incapable of wielding weapons or throwing items.
Your paws allow you to move quietly. (Stealth)
You have sharp claws.
You have razor-sharp teeth.
You have supernaturally acute eyesight. (SInv)
You are carnivorous and can eat meat at any time.
You cover ground quickly.
You are covered in fur. (AC +1)
You have a slow metabolism.
Your sharp claws are effective at attacking unaware monsters.


Message History

Casting: Magic Dart
Confirm with . or Enter, or press ? or * to list all spells.
Aiming: Searing Ray
Press: ? - help, Shift-Dir - straight line, f - orc
Aim: an orc, wielding a morningstar The searing ray hits the orc.
You kill the orc! (Press . to maintain the ray.)
The orc wizard gestures at you while chanting.
The puff of flame hits you! You resist.
The searing ray hits the orc wizard.
The orc wizard is heavily wounded.
The orc wizard points at you and mumbles some strange words.
The puff of frost hits you!
You feel a terrible chill!
Ouch! That really hurt!
You die...
You are now level 4!
You rejoin the land of the living...
Unknown command.
Are you sure you want to abandon this character and quit the game? (Confirm with "yes".)

##...## #..#.##..#.###.###.#
##....<## #........#.#...###.#
#.......## ##.##.##.##.#.##.##.#
...).....####...#.##.##.........#
..)......'..............รท........
<........####...####.####.#...###
#.......## ##..# #.# #.##.##
##.....## #..####.# #....#
##...###### #..@....# #....#
##.......# ##.###### ##...#
#.#####.# #.# ##.## #.# #.# #.#
#.# ##.#####.####.# ####.####
##.............# #.......#
##.....###.###### #.#####.#
.......###.# ######.# #.##
####.......# #......#####...


There were no monsters in sight!

Vanquished Creatures
  An orc priest (D:3)
  An iguana (D:3)
  3 orc wizards (D:3)
  4 adders
  3 worms
  2 dart slugs
  2 leopard geckos
  3 orcs (D:3)
  4 giant cockroaches
  6 goblins
  7 hobgoblins
  3 quokkas
  9 bats
  4 frilled lizards (D:1)
  7 kobolds
  6 rats
65 creatures vanquished.

Notes
Turn   | Place    | Note
-------+----------+-------------------------------------------
     0 | D:1      | inc the Felid Conjurer began the quest for the Orb.
     0 | D:1      | Reached XP level 1. HP: 7/7 MP: 4/4
   105 | D:1      | Reached skill level 4 in Conjurations
   110 | D:1      | Reached XP level 2. HP: 10/11 MP: 0/6
   906 | D:1      | Reached XP level 3. HP: 14/14 MP: 1/7
  1710 | D:2      | Learned a level 2 spell: Searing Ray
  1856 | D:2      | Reached skill level 5 in Conjurations
  2191 | D:2      | Reached XP level 4. HP: 15/18 MP: 5/8
  2948 | D:3      | Reached XP level 5. HP: 9/21 MP: 0/10
  3918 | D:3      | Found an iron altar of Okawaru.
  3961 | D:3      | Reached skill level 1 in Fighting
  3986 | D:3      | Killed from afar by an orc wizard
  3987 | D:3      | Reached XP level 4. HP: -11/19 MP: 0/9
  3987 | D:3      | Quit the game

Skill      XL: |  1  2  3  4  5 |
---------------+----------------+-----
Conjurations   | 4 5 |  5.6
Spellcasting   | 3 |  3.1
Dodging        | 3 |  3.5
Fighting       | 1 |  1.3
Stealth        | |  2.7

Action                   |  1- 3 |  4- 6 || total
-------------------------+-------+-------++-------
Melee: Unarmed           |    59 |     8 ||    67
       Bite              |     3 |       ||     3
 Cast: Magic Dart        |    53 |    23 ||    76
       Searing Ray       |     6 |    16 ||    22
 Stab: Sleeping          |     6 |     2 ||     8
  Eat: Chunk             |     3 |     9 ||    12
Armor: Skin              |     1 |       ||     1
Dodge: Dodged            |    82 |    22 ||   104
